 Dungeon Crawl Stone Soup version 0.22-a0-422-g9628fc8 (webtiles) character file.

21 Jynxie the Vandal (level 3, -2/24 HPs)
             Began as a Halfling Hunter on May 22, 2018.
             Slain by an adder (4 damage)
             ... on level 2 of the Dungeon.
             The game lasted 00:06:39 (1066 turns).

Jynxie the Vandal (Halfling Hunter)                 Turns: 1066, Time: 00:06:40

Health: -2/24      AC:  3    Str: 13    XL:     3   Next: 2%
Magic:  3/3        EV: 12    Int:  9    God:
Gold:   38         SH:  7    Dex: 15    Spells: 2/2 levels left

rFire    . . .     SeeInvis .   a - +2 hunting sling
rCold    . . .     Gourm    .   l - +0 shield
rNeg     . . .     Faith    .   c - +0 leather armour
rPois    .         Spirit   .   (no helmet)
rElec    .         Reflect  .   (no cloak)
rCorr    .         Harm     .   (no gloves)
MR       .....                  (no boots)
Stlth    ++........             (no amulet)
HPRegen  0.08/turn              h - ring of flight
MPRegen  0.08/turn              (no ring)

@: no status effects
A: small, mutation resistance 1
a: Evoke Flight


You were on level 2 of the Dungeon.
You were not hungry.

You visited 1 branch of the dungeon, and saw 2 of its levels.

You collected 38 gold pieces.

Inventory:

Hand Weapons
 a - a +2 hunting sling (weapon)
 b - a +0 short sword
Missiles
 d - 32 sling bullets (quivered)
 i - 2 stones
Armour
 c - a +0 leather armour (worn)
 e - a +0 ring mail
 l - a +0 shield (worn)
Jewellery
 h - a ring of flight (left hand)
Scrolls
 k - a scroll of identify
 n - a scroll of noise {unknown}
Comestibles
 f - 5 rations


   Skills:
 * Level 2.1 Fighting
 + Level 0.7 Short Blades
 * Level 6.1 Slings
 + Level 2.4 Dodging
 + Level 1.6 Stealth


You had 2 spell levels left.
You didn't know any spells.
Your spell library was empty.

Dungeon Overview and Level Annotations

Branches:
Dungeon (2/15)

Altars:
Xom


Innate Abilities, Weirdness & Mutations

You are small and have problems with some larger weapons.
You are somewhat resistant to further mutation.


Message History

Press: ? - help, Shift-Dir - straight line, f/p - adder
Aim: an adder (heavily wounded)
You shoot a stone. The stone hits the adder.
The adder is severely wounded.
The adder bites you.
* * * LOW HITPOINT WARNING * * *
Quiver which item? (- for none, * to show all) (? for menu, Esc to quit)
Quivering
d - 34 sling bullets for slings.
Firing (i - inventory. (/) - cycle)
d - 34 sling bullets (quivered)
Press: ? - help, Shift-Dir - straight line, f/p - adder
Aim: an adder (severely wounded)
You shoot a sling bullet. The sling bullet misses the adder.
You block the adder's attack.
Firing (i - inventory. (/) - cycle)
d - 33 sling bullets (quivered)
Press: ? - help, Shift-Dir - straight line, f/p - adder
Aim: an adder (severely wounded)
You shoot a sling bullet.
The sling bullet barely misses the adder.
You block the adder's attack. The adder bites you.
You die...

#.......... #..........
#.......... #..........
#####...<...(..
...#........##
############.#.....#...
.........(..<..S@..#.# ##.
.##.#........)....†..#....
..#..............).#...#..
#?#....######.............
#.###### .......#.........
... #.##.........#.###
#### .......#........
..#....#...<#(###
.(...$!.....(..#


You could see an adder.

Vanquished Creatures
  A leopard gecko (D:1)
  A giant cockroach (D:2)
  2 goblins (D:1)
  A hobgoblin (D:2)
  4 jackals (D:1)
  3 bats
  A frilled lizard (D:1)
  A kobold (D:1)
  4 rats
18 creatures vanquished.

Notes
Turn   | Place    | Note
-------+----------+-------------------------------------------
     0 | D:1      | Jynxie the Halfling Hunter began the quest for the Orb.
     0 | D:1      | Reached XP level 1. HP: 14/14 MP: 1/1
   123 | D:1      | Reached XP level 2. HP: 18/19 MP: 2/2
   128 | D:1      | Reached skill level 6 in Slings
   243 | D:1      | Found a shimmering altar of Xom.
  1003 | D:2      | Reached XP level 3. HP: 15/24 MP: 3/3
  1066 | D:2      | Slain by an adder

Vault maps used:
D:1:      lemuel_arrival_rhombus, serial_co_window_serial, co_window_paths_b,
          co_window_paths_a, co_window_corner_a, co_window_corner_a,
          co_window_of_opportunity_a, co_window_of_opportunity_a,
          co_window_of_opportunity_a, co_window_paths_a, co_window_corner_a,
          co_window_unsneaky_path_b, co_window_broadway_c,
          co_window_of_opportunity_b, glass_columns_a, glass_columns_c,
          glass_columns_c, glass_columns_a, xom_teletrap_fun
D:2:      uniq_jessica, uniq_terence, uniq_sigmund

Skill      XL: |  1  2 |
---------------+-------+-----
Fighting       | 2 |  2.1
Slings         | 6 |  6.1
Short Blades   | |  0.7
Dodging        | |  2.4
Stealth        | |  1.6

Action                   || total
-------------------------++-------
Melee: Short sword       ||    32
 Fire: Hunting sling     ||    38
Throw: Stone             ||     2
  Use: Scroll            ||     3
       Potion            ||     1
Armor: Leather armour    ||    10
Dodge: Dodged            ||    49
Block: Shield            ||    17

Table legend:
 A = Spawn XP
 B = Non-spawn XP
 C = Spawn XP percentage of total XP
 D = Spawn monster count
 E = Non-spawn monster count
 F = Spawn count percentage of total count
 G = Total turns spent on level
                    A         B        C        D         E        F      G
               +---------+---------+-------+---------+---------+-------+---------
         Total |       0 |      30 |   0.0 |       0 |      18 |   0.0 |  1066
               +---------+---------+-------+---------+---------+-------+---------
           D:1 |       0 |      23 |   0.0 |       0 |      14 |   0.0 |   983
           D:2 |       0 |       7 |   0.0 |       0 |       4 |   0.0 |    83
               +---------+---------+-------+---------+---------+-------+---------
